 Dungeon Crawl Stone Soup version 0.21.1-1-g345015f (webtiles) character file.

2352 Monsterracer the Grappler (level 9, -6/87 HPs)
             Began as a Troll Venom Mage on Feb 5, 2018.
             Was a Follower of Nemelex Xobeh.
             Mangled by an ogre
             ... wielding a +0 giant club
              (18 damage)
             ... on level 6 of the Dungeon.
             The game lasted 00:11:55 (5853 turns).

Monsterracer the Grappler (Troll Venom Mage)        Turns: 5853, Time: 00:11:55

Health: -6/87      AC:  6    Str: 18    XL:     9   Next: 20%
Magic:  11/11      EV: 10    Int: 14    God:    Nemelex Xobeh [*.....]
Gold:   318        SH:  0    Dex: 10    Spells: 10/10 levels left

rFire    . . .     SeeInvis .     - Unarmed
rCold    . . .     Gourm    +   (no shield)
rNeg     . . .     Faith    .   u - +1 robe {MR+}
rPois    .         Spirit   .   (helmet restricted)
rElec    .         Reflect  .   (no cloak)
rCorr    .         Harm     .   (gloves unavailable)
MR       +....                  (boots unavailable)
Stlth    +.........             (no amulet)
HPRegen  0.64/turn              s - ring of wizardry
MPRegen  0.12/turn              (no ring)

@: no status effects
A: large, unfitting armour, claws 3, fast metabolism 3, gourmand, regeneration
1, shaggy fur 1, tough skin 2
a: Renounce Religion


You were on level 6 of the Dungeon.
You worshipped Nemelex Xobeh.
Nemelex Xobeh was aware of your devotion.
You were completely stuffed.

You visited 2 branches of the dungeon, and saw 7 of its levels.

You collected 318 gold pieces.

Inventory:

Missiles
 m - a throwing net
 w - 5 tomahawks (quivered)
Armour
 u - a +1 robe of magic resistance (worn)
Jewellery
 g - an uncursed ring of ice
 s - a ring of wizardry (left claw)
Wands
 l - a wand of disintegration (8)
Scrolls
 d - 5 scrolls of remove curse
 e - 3 scrolls of teleportation
 i - a scroll of immolation {!r}
 n - 3 scrolls of fear {!r}
 o - 2 scrolls of enchant armour
 q - 2 scrolls of amnesia
Potions
 f - 7 potions of curing
 j - 2 potions of ambrosia {!q}
 k - 2 potions of agility
 p - 4 potions of might
 r - a potion of heal wounds
 t - a potion of mutation {!q}
 z - a potion of flight {unknown}
Miscellaneous
 b - a plain deck of summoning {drawn: 2}
Comestibles
 a - 3 chunks of flesh
 c - 14 rations


   Skills:
 + Level 4.8 Fighting
 + Level 2.4 Throwing
 + Level 2.3 Dodging
 - Level 1.0 Stealth
 * Level 8.9 Unarmed Combat
 - Level 1.2 Spellcasting
   Level 0.6 Conjurations
   Level 2.1 Poison Magic
 + Level 4.0 Invocations


You had 10 spell levels left.
You didn't know any spells.

Dungeon Overview and Level Annotations

Branches:
Dungeon (6/15)             Temple (1/1) D:4

Altars:
Ashenzari
Cheibriados
Dithmenos
Elyvilon
Hepliaklqana
Kikubaaqudgha
Makhleb
Nemelex Xobeh
Okawaru
Qazlal
Ru
Sif Muna
Trog
Uskayaw
Vehumet
Wu Jian
Xom
Yredelemnul
Zin
The Shining One


Innate Abilities, Weirdness & Mutations

You are too large for most types of armour.
You have claws for hands.
Your metabolism is lightning-fast.
You like to eat raw meat.
Your natural rate of healing is unusually fast.
You are covered in fur. (AC +1)
You have very tough skin. (AC +2)


Message History

Items here: ) [[ †† a whip; a ring mail; a leather armour; an orc corpse x2
You regained 2 hp, and now have 46/85 hp.
You butcher the orc corpse.
a - 4 chunks of flesh (gained 3)
Items here: ) [[ ÷ † a whip; a ring mail; a leather armour; an orc corpse; an orc skeleton Eating one of 4 chunks of flesh.
You eat one of the 4 chunks of flesh.
This raw flesh tastes great.
Key pressed, stopping explore.
e - 3 scrolls of teleportation (gained 1)
You now have 318 gold pieces (gained 15).
q - 2 scrolls of amnesia (gained 1)
Items here: )) [ † a club x2; a ring mail; an orc corpse Health restored: 85
Things that are here:
a dagger; a robe; an orc corpse
Found 19 arrows.
A bullfrog zombie comes into view.
A bullfrog zombie is nearby!
The helpless bullfrog zombie fails to defend itself.
You mangle the bullfrog zombie!!
You destroy the bullfrog zombie!
Your Invocations skill increases to level 4!
Health restored: 87 Magic restored.
Edmund the Younger comes into view.
He is wielding a dire flail of crushing.
MP restored: 11 Edmund is nearby!
Edmund is nearby!
Edmund shouts!
You hear an angry hiss.
You barely miss Edmund.
Edmund hits you with a dire flail of crushing!
An iguana comes into view.
You take 16 damage, and have 71/87 hp.
You scratch Edmund.
Edmund is lightly wounded.
Edmund barely misses you.
You barely miss Edmund.
Edmund is lightly wounded.
Edmund hits you with a dire flail of crushing.
You take 3 damage, and have 68/87 hp.
You scratch Edmund but do no damage.
Edmund is lightly wounded.
An ogre comes into view. It is wielding a giant club.
The ogre shouts!
You claw Edmund!
Edmund is moderately wounded.
Edmund hits you with a dire flail of crushing!
You take 8 damage, and have 60/87 hp.
You scratch Edmund but do no damage.
Edmund is moderately wounded.
Edmund barely misses you.
You closely miss Edmund.
Edmund is moderately wounded.
Edmund hits you with a dire flail of crushing!
You take 12 damage, and have 48/87 hp.
You barely miss Edmund.
Edmund is moderately wounded.
You claw Edmund! You claw Edmund.
Edmund is heavily wounded.
Edmund barely misses you.
You claw Edmund!
Edmund is almost dead.
Edmund hits you but does no damage.
You scratch Edmund.
Edmund is almost dead.
Edmund hits you with a dire flail of crushing.
* * * LOW HITPOINT WARNING * * *
You take 7 damage, and have 43/87 hp.
You scratch Edmund.
Edmund is almost dead.
The ogre closely misses you.
You scratch Edmund.
Edmund is almost dead.
Edmund hits you with a dire flail of crushing.
* * * LOW HITPOINT WARNING * * *
* * * LOW HITPOINT WARNING * * *
The iguana hisses menacingly.
The ogre hits you with a giant club!
* * * LOW HITPOINT WARNING * * *
You take 17 damage, and have 27/87 hp.
You claw Edmund!
You kill Edmund!
You claw the ogre! Your claw misses the ogre.
The ogre is heavily wounded.
You claw the ogre!
The ogre is severely wounded.
The ogre hits you with a giant club!!
* * * LOW HITPOINT WARNING * * *
You take 20 damage, and have 11/87 hp.
MASSIVE DAMAGE!!
You scratch the ogre but do no damage.
The ogre is severely wounded.
The ogre closely misses you.
You scratch the ogre but do no damage.
The ogre is severely wounded.
The ogre hits you with a giant club!!
You die...
Your body glows slightly and disappears.

# # # #..........###.##
#.#.#.#.(...####......#
#...........########..#
#...##..............# #
#.........#########.#
#.##..##l.### #.# ....
#..# #.# #.##.###..#
#.# #.....@Ol.# #.#
########..# #.#
######..# #.# $.......#
#.# ##)# #.# #(# #.#
#(# #.# #(# ###.#
#.####### #...#


You could see an ogre and an iguana.

Vanquished Creatures
  Pikel (D:5)
  Eustachio (D:5)
  Edmund (D:6)
  A sky beast (D:5)
  A hornet zombie (D:5)
  2 ogres
  A bullfrog (D:6)
  A wyvern skeleton (D:6)
  3 scorpions
  2 crimson imps
  A bullfrog zombie (D:6)
  A bullfrog skeleton (D:4)
  A hound (D:6)
  A jelly (D:5)
  4 orc priests
  Jessica (D:3)
  Terence (D:3)
  An iguana (D:4)
  Ijyb (D:3)
  4 orc wizards
  3 worker ants (D:4)
  3 gnolls (D:5)
  5 adders
  2 shadow imps (D:5)
  An ooze (D:3)
  An adder skeleton (D:6)
  3 worms
  2 dart slugs
  A leopard gecko (D:4)
  20 orcs
  3 giant cockroaches
  11 goblins
  13 hobgoblins
  4 jackals
  3 quokkas
  12 bats
  4 frilled lizards (D:3)
  8 kobolds
  A leopard gecko skeleton (D:5)
  6 rats
136 creatures vanquished.

Vanquished Creatures (collateral kills)
  The ghost of PipsiMox the Spear-Bearer, a novice MfSk of Ashenzari (D:4)
  An orc warrior (D:5)
2 creatures vanquished.

Vanquished Creatures (others)
  2 slaves (D:5)
  Menkaure (D:5)
  A scorpion (D:5)
  A crimson imp (D:5)
  An adder zombie (D:5)
  An orc (D:5)
  A giant cockroach (D:5)
8 creatures vanquished.

Grand Total: 146 creatures vanquished

Notes
Turn   | Place    | Note
-------+----------+-------------------------------------------
     0 | D:1      | Monsterracer the Troll Venom Mage began the quest for the Orb.
     0 | D:1      | Reached XP level 1. HP: 16/16 MP: 1/1
    64 | D:1      | Reached skill level 1 in Unarmed Combat
    70 | D:1      | Reached XP level 2. HP: 20/24 MP: 2/2
   291 | D:1      | Reached skill level 2 in Unarmed Combat
   699 | D:1      | Reached XP level 3. HP: 32/32 MP: 3/3
  1262 | D:2      | Reached skill level 3 in Unarmed Combat
  1331 | D:2      | Reached skill level 1 in Fighting
  1335 | D:2      | Reached XP level 4. HP: 40/41 MP: 4/4
  1536 | D:2      | Found a hide-covered altar of Uskayaw.
  1536 | D:2      | Found a radiant altar of Vehumet.
  1862 | D:3      | Noticed Ijyb
  1870 | D:3      | Killed Ijyb
  1999 | D:3      | Noticed Terence
  2010 | D:3      | Killed Terence
  2010 | D:3      | Reached skill level 4 in Unarmed Combat
  2010 | D:3      | Reached XP level 5. HP: 47/49 MP: 5/5
  2166 | D:3      | Noticed Jessica
  2192 | D:3      | Killed Jessica
  2245 | D:3      | Found a deep blue altar of Sif Muna.
  2407 | D:3      | Reached skill level 5 in Unarmed Combat
  2407 | D:3      | Reached XP level 6. HP: 56/59 MP: 6/6
  2935 | D:4      | Found a staircase to the Ecumenical Temple.
  2946 | D:4      | Noticed PipsiMox's ghost (novice MfSk)
  2950 | Temple   | Entered the Ecumenical Temple
  3020 | Temple   | Became a worshipper of Nemelex Xobeh the Trickster
  3054 | D:4      | HP: 28/59 [PipsiMox's ghost (14)]
  3056 | D:4      | HP: 2/59 [PipsiMox's ghost (14)]
  3161 | D:4      | HP: 27/59 [PipsiMox's ghost (6)]
  3223 | D:4      | HP: 13/59 [PipsiMox's ghost (20)]
  3347 | D:4      | Received a gift from Nemelex Xobeh
  3492 | D:4      | HP: 17/59 [PipsiMox's ghost (16)]
  3597 | D:4      | HP: 26/59 [PipsiMox's ghost (14)]
  3658 | D:4      | HP: 25/59 [PipsiMox's ghost (18)]
  3726 | D:4      | Killed PipsiMox's ghost
  3726 | D:4      | Reached skill level 6 in Unarmed Combat
  3726 | D:4      | Reached skill level 1 in Invocations
  3726 | D:4      | Reached XP level 7. HP: 43/67 MP: 7/7
  4200 | D:5      | Entered Level 5 of the Dungeon
  4203 | D:5      | Noticed Pikel
  4229 | D:5      | Killed Pikel
  4229 | D:5      | Reached skill level 7 in Unarmed Combat
  4229 | D:5      | Reached XP level 8. HP: 63/78 MP: 7/9
  4247 | D:5      | Killed Menkaure
  4344 | D:5      | Reached * piety under Nemelex Xobeh
  4507 | D:5      | HP: 35/78 [hornet zombie (10)]
  4515 | D:5      | HP: 39/78 [hornet zombie (1)]
  4517 | D:5      | HP: 14/78 [hornet zombie (11)]
  4518 | D:5      | Reached skill level 8 in Unarmed Combat
  4651 | D:5      | Noticed Eustachio
  4656 | D:5      | Reached skill level 1 in Throwing
  4809 | D:5      | Killed Eustachio
  5060 | D:5      | Found a snail-covered altar of Cheibriados.
  5359 | D:6      | HP: 29/79 [orc warrior/short sword of venom (20)]
  5361 | D:6      | HP: 14/79 [orc warrior/tomahawk (9)]
  5405 | D:5      | HP: 23/79 [orc warrior/short sword of venom (18)]
  5410 | D:5      | HP: 15/79 [poisoned by an orc warrior]
  5414 | D:5      | HP: 7/79 [orc warrior/short sword of venom (4)]
  5416 | D:5      | HP: 3/79 [poisoned by an orc warrior]
  5421 | D:5      | HP: 2/79 [poisoned by an orc warrior]
  5427 | D:5      | HP: 2/79 [poisoned by an orc warrior]
  5435 | D:5      | HP: 4/79 [poisoned by an orc warrior]
  5443 | D:5      | HP: 7/79 [poisoned by an orc warrior]
  5632 | D:6      | Reached XP level 9. HP: 85/85 MP: 10/10
  5652 | D:6      | Found a white marble altar of Elyvilon.
  5709 | D:6      | HP: 42/85 [orc wizard/magic dart (4)]
  5826 | D:6      | Noticed Edmund
  5841 | D:6      | HP: 43/87 [Edmund/dire flail of crushing (1)]
  5849 | D:6      | Killed Edmund
  5851 | D:6      | HP: 11/87 [ogre/giant club (21)]
  5853 | D:6      | Mangled by an ogre

Skill      XL: |  1  2  3  4  5  6  7  8  9 |
---------------+----------------------------+-----
Unarmed Combat | 1 2 3 4 5 6 7 8 |  8.9
Fighting       | 1 2 3 4 |  4.8
Invocations    | 1 2 3 4 |  4.0
Throwing       | 2 |  2.4
Dodging        | 2 |  2.3
Stealth        | |  1.0
Spellcasting   | |  1.2
Conjurations   | |  0.6
Poison Magic   | |  2.1

Action                   |  1- 3 |  4- 6 |  7- 9 || total
-------------------------+-------+-------+-------++-------
Melee: Unarmed           |   116 |   193 |   212 ||   521
       Punch             |       |     4 |     5 ||     9
Evoke: Deck              |       |     1 |     1 ||     2
  Use: Scroll            |       |       |    18 ||    18
       Potion            |       |       |     2 ||     2
 Stab: Sleeping          |     3 |     2 |     1 ||     6
  Eat: Chunk             |    18 |    14 |    27 ||    59
Armor: Robe              |    35 |    43 |    49 ||   127
Dodge: Dodged            |    55 |    59 |    88 ||   202

Vault maps used:
D:1:      dpeg_arrival_houses_and_road, hangedman_glass_teeth, moated_statue
D:2:      gammafunk_temple_overflow_wave
D:3:      nicolae_overflow_hidden_temple, first_ration, minmay_misc_feat_iff,
          uniq_terence, uniq_ijyb, uniq_jessica
D:4:      minmay_temple_entry_statues_fountains, minmay_vboxes
D:5:      kennysheep_little_box, uniq_menkaure, uniq_eustachio, uniq_pikel
D:6:      elyvilon_altar_5, nicolae_overflow_crystal_walls,
          cheibrodos_worm_habitat, uniq_edmund
Temple:   eino_wide_crystal_templ
